 Dungeon Crawl Stone Soup version 0.20-a0-876-g2c7b0bf (webtiles) character file.

60 4thArraOfDagon the Skirmisher (level 3, 1/31 HPs)
             Began as a Demigod Wanderer on Mar 15, 2017.
             Quit the game on level 2 of the Dungeon.
             The game lasted 00:02:35 (1030 turns).

4thArraOfDagon the Skirmisher (Demigod Wanderer)    Turns: 1030, Time: 00:02:36

Health: 1/31       AC:  8    Str: 14    XL:     3   Next: 55%
Magic:  6/6        EV:  8    Int: 17    God:
Gold:   91         SH:  0    Dex: 17    Spells: 3/4 levels left

rFire    . . .     SeeInvis .   e - +0 dagger
rCold    . . .     Gourm    .   a - +0 scale mail
rNeg     . . .     Faith    .   (no shield)
rPois    .         Spirit   .   (no helmet)
rElec    .         Reflect  .   (no cloak)
rCorr    .         Harm     .   (no gloves)
MR       .....                  l - +1 pair of boots
Stlth    ..........             (no amulet)
Regen    0.1/turn               (no ring)
MPRegen  0.1/turn               (no ring)

@: lethally poisoned (1 -> -1)
A: high mp 1
a: no special abilities


You were on level 2 of the Dungeon.
You were hungry.

You visited 1 branch of the dungeon, and saw 5 of its levels.

You collected 91 gold pieces.

Inventory:

Hand Weapons
 e - a +0 dagger (weapon)
Armour
 a - a +0 scale mail (worn)
 d - a +0 robe
 g - a +0 ring mail
 l - a +1 pair of boots (worn)
Scrolls
 h - 2 scrolls of remove curse {unknown}
 i - 2 scrolls of identify
 j - a scroll of blinking
Potions
 c - a potion of lignification
Books
 b - Akewka's Volume of the Compass

   Spells                             Type                      Level
   a - Apportation                    Translocation                1
   b - Lesser Beckoning               Translocation                3
Comestibles
 f - a bread ration
 k - a meat ration


   Skills:
 * Level 3.4 Fighting
 - Level 1.0 Throwing
 - Level 1.0 Stealth
 - Level 2.6 Unarmed Combat
 - Level 1.0 Spellcasting
   Level 1.7 Charms
   Level 1.0 Evocations


You had 3 spell levels left.
You knew the following spells:

 Your Spells              Type           Power        Failure   Level  Hunger
a - Apportation           Tloc           #.....       90%         1    ##.....


Dungeon Overview and Level Annotations

Branches:
Dungeon (5/15)
 Temple: D:4-7


Innate Abilities, Weirdness & Mutations

You have an increased reservoir of magic. (+10% MP)


Message History

The adder poisons you!
You miss the adder.
The adder is almost dead.
The adder barely misses you.
You hit the adder.
You kill the adder!
* * * LOW HITPOINT WARNING * * *
You feel sick.
You closely miss the kobold. The kobold completely misses you.
You hit the kobold.
The kobold is severely wounded.
* * * LOW HITPOINT WARNING * * *
You feel sick. The kobold hits you but does no damage.
You hit the kobold.
You kill the kobold!
* * * LOW HITPOINT WARNING * * *
You feel sick.
Things that are here:
a short sword; an adder corpse Are you sure you want to abandon this character and quit the game? (Confirm with "yes".)

.. ..... . ....#
#. ....###
.####<###
....... .....
..# .....
.....#.# ..[####
#..#.##.......
#....@........
.....#>##.#.##..
##.....# .#
#.....# .#
#....... .#
........% ..
............
.......?##..
..#......


There were no monsters in sight!

Vanquished Creatures
  5 adders
  A dart slug (D:3)
  A leopard gecko (D:4)
  A goblin (D:3)
  3 hobgoblins
  A ball python (D:5)
  A bat (D:1)
  A frilled lizard (D:3)
  2 kobolds
16 creatures vanquished.

Notes
Turn   | Place    | Note
-------+----------+-------------------------------------------
     0 | D:1      | 4thArraOfDagon the Demigod Wanderer began the quest for the Orb.
     0 | D:1      | 4thArraOfDagon set off with: 2 potions of heal wounds, Akewka's Volume of the Compass, a potion of lignification, a +0 robe, a +0 dagger, a bread ration
     0 | D:1      | Reached XP level 1. HP: 16/16 MP: 4/4
     5 | D:1      | Identified Akewka's Volume of the Compass
    10 | D:1      | Learned a level 1 spell: Apportation
   191 | D:3      | Reached skill level 2 in Fighting
   191 | D:3      | Reached XP level 2. HP: 5/24 MP: 5/5
   817 | D:4      | Reached XP level 3. HP: 24/30 MP: 6/6
   871 | D:5      | Entered Level 5 of the Dungeon
   932 | D:3      | Found an iron altar of Okawaru.
   959 | D:3      | Reached skill level 3 in Fighting
  1029 | D:2      | HP: 1/31 [poisoned by an adder]
  1030 | D:2      | Quit the game

Vault maps used:
D:1:      mushboom_english_gardens, serial_glass, glass_columns_a,
          glass_columns_a, glass_columns_a, glass_columns_a, glass_columns_c,
          glass_columns_a, glass_columns_a, glass_columns_a, glass_columns_c,
          glass_columns_a, minmay_strange_pillars, serial_park_tiny_1
D:2:      kennysheep_goblin_castle, first_bread
D:3:      chequers_ecumenical_altar_island, okawaru_metal_pillars_1_2
D:4:      minmay_temple_entry_enclosed_plants
D:5:      tso_oasis_becter, uniq_grinder

Skill      XL: |  1  2  3 |
---------------+----------+-----
Fighting       | 2 3 |  3.4
Throwing       | |  1.0
Stealth        | |  1.0
Unarmed Combat | |  2.6
Spellcasting   | |  1.0
Charms         | |  1.7
Evocations     | |  1.0

Action                   || total
-------------------------++-------
Melee: Dagger            ||   152
       Punch             ||     1
  Use: Potion            ||     3
       Scroll            ||     2
Armor: Ring mail         ||    24
       Scale mail        ||    33
Dodge: Dodged            ||    69
